[ AOE2 MATCH · #482178014 ]
Team RMFranks vs Spanish
[ REPLAY ANALYSIS · EXTRACTED FROM THE RECORDED GAME ]
Feudal
10:02
Castle
20:47
Imperial
—
| APM avg | 26.7 |
| APM peak | 71 |
| eAPM avg | 12.6 |
| Villagers / military | 60 / 53 |
Focus
⚔️ 32.8% · 🌾 67.2%
Knight ×36 · Spearman ×7 · Militia ×5 · Monk ×3 · Battering Ram ×2
Feudal
11:36
Castle
18:22
Imperial
—
| APM avg | 29.0 |
| APM peak | 70 |
| eAPM avg | 15.0 |
| Villagers / military | 89 / 16 |
Focus
⚔️ 22.0% · 🌾 78.0%
Spearman ×9 · Knight ×6 · Scout Cavalry ×1
Feudal
9:48
Castle
23:46
Imperial
—
| APM avg | 30.0 |
| APM peak | 74 |
| eAPM avg | 13.7 |
| Villagers / military | 65 / 70 |
Focus
⚔️ 32.1% · 🌾 67.9%
Archer ×66 · Mangonel ×4
Feudal
11:46
Castle
19:16
Imperial
—
| APM avg | 27.4 |
| APM peak | 69 |
| eAPM avg | 11.8 |
| Villagers / military | 74 / 35 |
Focus
⚔️ 22.7% · 🌾 77.3%
Knight ×34 · Missionary ×1
Match map
Initial resources + every placement click. Lines = walls · curves = elevation contours. ◆ gold · ⬟ stone · ● berries · ✦ relic · ◌ wall gap
Your base· ✓ Closed at 20:47 · 51t walls · 1 gate(s)
Dodeff's base· Open — 4t gap
sarfaoui4's base· Open — 3t gap
Bert1109's base· ✓ Closed at 19:16 · 44t walls · no gate
Smoothed initial terrain · ◌ = detected wall gap · hover for details
Inputs per minute
— Mandarh - - Dodeff
Build order — Mandarh
First 150 of 199 actions detected
| 0:02 | Build | House |
| 0:03 | Build | House |
| 0:04 | Create | Villager (Male) |
| 0:04 | Create | Villager (Male) |
| 0:04 | Create | Villager (Male) |
| 0:05 | Create | Villager (Male) |
| 0:05 | Create | Villager (Male) |
| 1:36 | Create | Villager (Male) |
| 1:36 | Create | Villager (Male) |
| 1:51 | Build | Lumber Camp |
| 2:11 | Create | Villager (Male) |
| 2:41 | Create | Villager (Male) |
| 3:07 | Create | Villager (Male) |
| 3:20 | Create | Villager (Male) |
| 3:52 | Create | Villager (Male) |
| 4:06 | Build | House |
| 4:07 | Build | Mill |
| 4:28 | Create | Villager (Male) |
| 4:31 | Create | Villager (Male) |
| 5:17 | Create | Villager (Male) |
| 5:52 | Create | Villager (Male) |
| 6:31 | Build | Barracks |
| 6:37 | Create | Villager (Male) |
| 6:38 | Create | Villager (Male) |
| 6:42 | Research | Loom |
| 7:05 | Create | Villager (Male) |
| 7:12 | Build | House |
| 7:22 | Build | Palisade Wall |
| 7:44 | Research | Feudal Age |
| 7:53 | Build | House |
| 7:58 | Build | Palisade Wall |
| 8:04 | Build | Palisade Wall |
| 8:04 | Build | Palisade Wall |
| 8:21 | Create | Militia |
| 8:21 | Create | Militia |
| 8:21 | Create | Militia |
| 8:38 | Build | House |
| 8:48 | Create | Militia |
| 9:12 | Build | House |
| 9:24 | Build | Mining Camp |
| 9:32 | Create | Militia |
| 9:38 | Build | Palisade Wall |
| 10:02 | Age | Feudal Age |
| 10:11 | Create | Villager (Male) |
| 10:17 | Create | Villager (Male) |
| 10:21 | Research | Double-Bit Axe |
| 10:35 | Build | House |
| 10:44 | Research | Man-at-Arms (upgrade) |
| 10:48 | Create | Villager (Male) |
| 11:06 | Build | House |
| 11:12 | Build | Farm |
| 11:32 | Create | Villager (Male) |
| 11:41 | Create | Villager (Male) |
| 11:54 | Create | Spearman |
| 11:55 | Create | Spearman |
| 12:14 | Create | Villager (Male) |
| 12:20 | Create | Villager (Male) |
| 12:30 | Create | Villager (Male) |
| 12:34 | Build | House |
| 12:38 | Build | Palisade Wall |
| 12:41 | Build | Palisade Wall |
| 12:59 | Build | Farm |
| 12:59 | Build | Farm |
| 13:02 | Build | Farm |
| 13:34 | Create | Villager (Male) |
| 13:37 | Build | Farm |
| 13:39 | Build | Farm |
| 13:44 | Build | Farm |
| 13:47 | Build | Farm |
| 13:50 | Build | Farm |
| 13:52 | Create | Villager (Male) |
| 14:23 | Create | Villager (Male) |
| 14:30 | Build | Farm |
| 14:31 | Build | Farm |
| 14:33 | Create | Villager (Male) |
| 14:59 | Build | Farm |
| 15:18 | Build | Farm |
| 15:27 | Build | Farm |
| 15:31 | Build | Farm |
| 15:34 | Create | Villager (Male) |
| 15:35 | Create | Villager (Male) |
| 15:58 | Create | Villager (Male) |
| 16:02 | Build | Farm |
| 16:08 | Build | Farm |
| 16:26 | Build | Stable |
| 16:32 | Create | Villager (Male) |
| 16:47 | Build | Farm |
| 17:21 | Build | Blacksmith |
| 17:37 | Create | Villager (Male) |
| 18:07 | Research | Castle Age |
| 18:12 | Build | Stable |
| 18:29 | Build | Palisade Gate |
| 18:33 | Create | Spearman |
| 18:33 | Create | Spearman |
| 18:53 | Build | House |
| 18:55 | Build | House |
| 19:49 | Research | Scale Barding Armor |
| 20:01 | Build | Stable |
| 20:09 | Build | House |
| 20:12 | Build | House |
| 20:33 | Research | Scale Mail Armor |
| 20:47 | Age | Castle Age |
| 20:49 | Create | Knight |
| 20:49 | Create | Knight |
| 20:49 | Create | Knight |
| 20:49 | Create | Knight |
| 20:50 | Create | Knight |
| 20:51 | Create | Villager (Male) |
| 20:52 | Create | Villager (Male) |
| 20:56 | Create | Knight |
| 20:56 | Create | Knight |
| 20:56 | Create | Knight |
| 20:56 | Create | Knight |
| 21:05 | Create | Knight |
| 21:06 | Create | Knight |
| 21:06 | Create | Knight |
| 21:06 | Create | Knight |
| 21:07 | Create | Knight |
| 21:18 | Research | Pikeman (upgrade) |
| 21:39 | Create | Knight |
| 21:39 | Create | Knight |
| 21:49 | Build | Town Center |
| 21:54 | Create | Villager (Male) |
| 22:13 | Research | Gold Mining |
| 22:15 | Create | Villager (Male) |
| 22:36 | Create | Villager (Male) |
| 22:46 | Build | Palisade Gate |
| 22:53 | Create | Knight |
| 22:53 | Create | Knight |
| 22:54 | Create | Knight |
| 22:56 | Create | Villager (Male) |
| 23:21 | Create | Villager (Male) |
| 23:22 | Create | Villager (Male) |
| 23:29 | Build | House |
| 23:35 | Build | Farm |
| 23:41 | Build | House |
| 24:02 | Build | Farm |
| 24:03 | Build | Farm |
| 24:04 | Create | Villager (Male) |
| 24:04 | Create | Villager (Male) |
| 24:16 | Research | Squires |
| 24:34 | Research | Bow Saw |
| 24:42 | Build | Farm |
| 24:43 | Create | Villager (Male) |
| 25:06 | Research | Chain Barding Armor |
| 25:23 | Research | Forging |
| 25:23 | Research | Forging |
| 25:23 | Research | Forging |
| 26:42 | Build | Monastery |
| 26:59 | Research | Husbandry |
Build order — Dodeff
First 150 of 205 actions detected
| 0:01 | Create | Villager (Male) |
| 0:01 | Create | Villager (Male) |
| 0:01 | Create | Villager (Male) |
| 0:01 | Create | Villager (Male) |
| 0:02 | Create | Villager (Male) |
| 0:03 | Build | House |
| 0:05 | Build | House |
| 1:44 | Build | Lumber Camp |
| 1:48 | Create | Villager (Male) |
| 1:58 | Create | Villager (Male) |
| 2:27 | Create | Villager (Male) |
| 2:58 | Create | Villager (Male) |
| 3:34 | Create | Villager (Male) |
| 3:46 | Build | House |
| 3:48 | Build | House |
| 3:59 | Create | Villager (Male) |
| 3:59 | Create | Villager (Male) |
| 4:06 | Build | Mill |
| 4:24 | Create | Villager (Male) |
| 4:24 | Create | Villager (Male) |
| 4:36 | Build | House |
| 4:38 | Build | House |
| 4:51 | Create | Villager (Male) |
| 4:51 | Create | Villager (Male) |
| 5:13 | Create | Villager (Male) |
| 5:23 | Create | Villager (Male) |
| 5:23 | Create | Villager (Male) |
| 5:45 | Create | Villager (Male) |
| 5:45 | Create | Villager (Male) |
| 5:52 | Build | Palisade Wall |
| 6:11 | Create | Villager (Male) |
| 6:11 | Create | Villager (Male) |
| 6:41 | Create | Villager (Male) |
| 6:48 | Build | Lumber Camp |
| 7:12 | Build | House |
| 7:14 | Build | House |
| 7:17 | Create | Villager (Male) |
| 7:18 | Create | Villager (Male) |
| 7:25 | Create | Villager (Male) |
| 7:40 | Create | Villager (Male) |
| 7:41 | Create | Villager (Male) |
| 7:45 | Create | Villager (Male) |
| 8:16 | Create | Villager (Male) |
| 8:25 | Build | House |
| 8:27 | Build | House |
| 8:30 | Build | House |
| 8:32 | Build | Palisade Wall |
| 8:33 | Build | Palisade Wall |
| 8:39 | Build | Palisade Wall |
| 9:03 | Build | House |
| 9:05 | Build | House |
| 9:08 | Build | Palisade Wall |
| 9:14 | Research | Feudal Age |
| 9:16 | Build | Mining Camp |
| 10:05 | Create | Villager (Male) |
| 10:05 | Create | Villager (Male) |
| 10:36 | Build | House |
| 10:41 | Build | House |
| 10:53 | Build | Barracks |
| 11:09 | Build | Farm |
| 11:27 | Build | Palisade Wall |
| 11:36 | Age | Feudal Age |
| 11:42 | Build | Market |
| 11:51 | Build | Blacksmith |
| 12:02 | Build | Farm |
| 12:04 | Build | Farm |
| 12:12 | Create | Villager (Male) |
| 12:33 | Build | Watch Tower |
| 12:59 | Research | Loom |
| 13:28 | Build | House |
| 14:00 | Build | House |
| 14:06 | Build | Palisade Wall |
| 14:15 | Build | Farm |
| 14:16 | Build | Farm |
| 14:31 | Build | Farm |
| 14:44 | Build | Farm |
| 14:48 | Build | Farm |
| 15:05 | Build | Mining Camp |
| 15:18 | Build | House |
| 15:20 | Build | House |
| 15:22 | Build | Palisade Wall |
| 15:25 | Build | Farm |
| 15:35 | Build | Farm |
| 15:36 | Build | Farm |
| 15:42 | Research | Castle Age |
| 16:09 | Build | Farm |
| 16:12 | Build | Farm |
| 16:26 | Research | Double-Bit Axe |
| 16:47 | Build | Farm |
| 17:04 | Create | Villager (Male) |
| 17:05 | Create | Villager (Male) |
| 17:21 | Build | Farm |
| 18:09 | Build | Barracks |
| 18:20 | Create | Villager (Male) |
| 18:22 | Age | Castle Age |
| 18:27 | Create | Villager (Male) |
| 18:53 | Build | Stable |
| 19:00 | Create | Villager (Male) |
| 19:26 | Create | Villager (Male) |
| 19:32 | Research | Stone Mining |
| 19:38 | Create | Knight |
| 19:46 | Create | Villager (Male) |
| 19:58 | Research | Bow Saw |
| 20:03 | Create | Scout Cavalry |
| 20:11 | Research | Scale Barding Armor |
| 20:12 | Research | Forging |
| 20:44 | Research | Husbandry |
| 20:55 | Create | Villager (Male) |
| 21:21 | Create | Villager (Male) |
| 21:22 | Create | Villager (Male) |
| 22:09 | Build | Town Center |
| 22:11 | Research | Wheelbarrow |
| 22:26 | Create | Knight |
| 22:26 | Create | Knight |
| 22:58 | Build | Farm |
| 23:09 | Create | Villager (Male) |
| 23:09 | Create | Villager (Male) |
| 23:21 | Build | Farm |
| 23:23 | Create | Villager (Male) |
| 23:23 | Create | Villager (Male) |
| 23:50 | Create | Villager (Male) |
| 23:50 | Create | Villager (Male) |
| 23:51 | Create | Villager (Male) |
| 23:52 | Create | Villager (Male) |
| 23:54 | Build | Farm |
| 23:54 | Build | Farm |
| 23:55 | Build | Farm |
| 24:21 | Create | Villager (Male) |
| 24:21 | Create | Villager (Male) |
| 24:22 | Create | Villager (Male) |
| 24:22 | Create | Villager (Male) |
| 24:29 | Build | Castle |
| 25:02 | Create | Spearman |
| 25:02 | Create | Spearman |
| 25:02 | Create | Spearman |
| 25:03 | Create | Spearman |
| 25:03 | Create | Spearman |
| 25:03 | Create | Spearman |
| 25:23 | Build | Gate |
| 25:27 | Build | Stone Wall |
| 26:05 | Build | House |
| 26:08 | Build | House |
| 26:11 | Build | House |
| 26:18 | Create | Spearman |
| 26:18 | Create | Spearman |
| 26:38 | Create | Villager (Male) |
| 26:38 | Create | Villager (Male) |
| 26:45 | Build | Mining Camp |
| 27:25 | Research | Gold Mining |
| 27:25 | Research | Gold Mining |
Build order — sarfaoui4
First 150 of 206 actions detected
| 0:01 | Research | Loom |
| 0:01 | Create | Villager (Male) |
| 0:03 | Build | House |
| 0:06 | Build | House |
| 0:16 | Create | Villager (Male) |
| 0:16 | Create | Villager (Male) |
| 1:30 | Create | Villager (Male) |
| 2:03 | Create | Villager (Male) |
| 2:19 | Create | Villager (Male) |
| 2:42 | Build | House |
| 2:57 | Create | Villager (Male) |
| 3:21 | Create | Villager (Male) |
| 3:52 | Create | Villager (Male) |
| 3:57 | Create | Villager (Male) |
| 4:25 | Create | Villager (Male) |
| 4:41 | Create | Villager (Male) |
| 4:43 | Create | Villager (Male) |
| 5:06 | Create | Villager (Male) |
| 5:21 | Create | Villager (Male) |
| 5:55 | Create | Villager (Male) |
| 5:59 | Create | Villager (Male) |
| 6:10 | Build | House |
| 6:18 | Build | Mill |
| 6:57 | Build | Lumber Camp |
| 7:10 | Create | Villager (Male) |
| 7:38 | Research | Feudal Age |
| 7:38 | Research | Feudal Age |
| 8:30 | Build | Barracks |
| 8:36 | Build | Palisade Wall |
| 8:42 | Build | Palisade Wall |
| 8:47 | Build | Palisade Wall |
| 9:01 | Build | House |
| 9:48 | Age | Feudal Age |
| 10:03 | Build | Archery Range |
| 10:09 | Create | Villager (Male) |
| 10:10 | Create | Villager (Male) |
| 10:11 | Create | Villager (Male) |
| 10:18 | Research | Double-Bit Axe |
| 10:35 | Build | Palisade Wall |
| 10:55 | Build | Mining Camp |
| 11:05 | Create | Archer |
| 11:33 | Create | Villager (Male) |
| 11:35 | Create | Archer |
| 11:56 | Build | House |
| 12:06 | Build | Archery Range |
| 12:08 | Create | Villager (Male) |
| 12:27 | Create | Archer |
| 12:35 | Create | Villager (Male) |
| 12:56 | Build | House |
| 12:59 | Create | Archer |
| 13:04 | Build | Blacksmith |
| 13:10 | Create | Villager (Male) |
| 13:13 | Build | House |
| 13:19 | Create | Villager (Male) |
| 13:24 | Create | Archer |
| 13:36 | Create | Archer |
| 13:45 | Build | House |
| 13:48 | Build | House |
| 13:52 | Create | Villager (Male) |
| 14:07 | Create | Archer |
| 14:08 | Create | Villager (Male) |
| 14:13 | Build | House |
| 14:29 | Build | House |
| 14:30 | Create | Villager (Male) |
| 14:32 | Create | Archer |
| 14:33 | Create | Archer |
| 14:45 | Build | House |
| 14:47 | Build | House |
| 14:54 | Build | House |
| 14:57 | Create | Villager (Male) |
| 14:59 | Build | Farm |
| 15:04 | Create | Archer |
| 15:04 | Create | Archer |
| 15:24 | Build | House |
| 15:25 | Create | Villager (Male) |
| 15:29 | Research | Fletching |
| 16:10 | Create | Villager (Male) |
| 16:11 | Create | Archer |
| 16:11 | Create | Archer |
| 16:15 | Research | Padded Archer Armor |
| 16:21 | Create | Villager (Male) |
| 16:27 | Build | Farm |
| 16:30 | Build | Farm |
| 16:31 | Build | Farm |
| 16:31 | Build | Farm |
| 16:36 | Build | Farm |
| 16:37 | Research | Horse Collar |
| 16:44 | Build | Farm |
| 16:44 | Build | Farm |
| 16:44 | Build | Farm |
| 17:16 | Create | Archer |
| 17:17 | Create | Villager (Male) |
| 17:19 | Create | Archer |
| 17:22 | Research | Gold Mining |
| 17:27 | Build | Farm |
| 17:42 | Build | Farm |
| 17:44 | Build | Farm |
| 17:50 | Build | Farm |
| 17:56 | Create | Villager (Male) |
| 17:57 | Create | Archer |
| 17:57 | Create | Archer |
| 18:44 | Create | Villager (Male) |
| 18:45 | Create | Archer |
| 18:53 | Build | Farm |
| 18:53 | Build | Farm |
| 18:53 | Build | Farm |
| 18:53 | Build | Farm |
| 18:59 | Create | Archer |
| 19:00 | Create | Archer |
| 19:25 | Create | Archer |
| 19:28 | Create | Villager (Male) |
| 19:36 | Build | House |
| 19:38 | Build | House |
| 19:40 | Create | Villager (Male) |
| 20:21 | Create | Villager (Male) |
| 20:22 | Create | Archer |
| 20:30 | Build | Market |
| 20:39 | Create | Archer |
| 20:39 | Create | Archer |
| 21:06 | Research | Castle Age |
| 22:11 | Create | Archer |
| 22:11 | Create | Archer |
| 22:13 | Create | Archer |
| 22:13 | Create | Archer |
| 22:13 | Create | Archer |
| 22:25 | Build | Mining Camp |
| 23:17 | Create | Archer |
| 23:17 | Create | Archer |
| 23:23 | Create | Villager (Male) |
| 23:25 | Create | Archer |
| 23:27 | Create | Archer |
| 23:46 | Age | Castle Age |
| 23:52 | Build | Town Center |
| 23:55 | Research | Crossbowman (upgrade) |
| 23:58 | Research | Bodkin Arrow |
| 23:59 | Create | Villager (Male) |
| 24:00 | Create | Villager (Male) |
| 24:00 | Create | Villager (Male) |
| 24:25 | Build | Siege Workshop |
| 24:28 | Create | Villager (Male) |
| 24:29 | Create | Archer |
| 24:29 | Create | Archer |
| 24:55 | Create | Archer |
| 24:55 | Create | Archer |
| 25:04 | Research | Wheelbarrow |
| 25:13 | Create | Villager (Male) |
| 25:22 | Create | Archer |
| 25:22 | Create | Archer |
| 25:22 | Create | Archer |
| 25:43 | Create | Villager (Male) |
Build order — Bert1109
First 150 of 195 actions detected
| 0:02 | Build | House |
| 0:04 | Build | House |
| 0:13 | Create | Villager (Male) |
| 0:13 | Create | Villager (Male) |
| 0:13 | Create | Villager (Male) |
| 0:14 | Create | Villager (Male) |
| 0:14 | Create | Villager (Male) |
| 1:39 | Create | Villager (Male) |
| 2:02 | Create | Villager (Male) |
| 2:26 | Create | Villager (Male) |
| 2:46 | Build | Lumber Camp |
| 3:16 | Create | Villager (Male) |
| 3:16 | Create | Villager (Male) |
| 3:40 | Create | Villager (Male) |
| 3:40 | Create | Villager (Male) |
| 4:14 | Build | House |
| 4:17 | Build | House |
| 5:01 | Create | Villager (Male) |
| 5:02 | Create | Villager (Male) |
| 5:05 | Build | Mill |
| 5:11 | Create | Villager (Male) |
| 5:11 | Create | Villager (Male) |
| 6:24 | Create | Villager (Male) |
| 6:25 | Create | Villager (Male) |
| 6:25 | Create | Villager (Male) |
| 6:58 | Create | Villager (Male) |
| 7:53 | Build | Lumber Camp |
| 8:11 | Create | Villager (Male) |
| 8:12 | Create | Villager (Male) |
| 8:12 | Create | Villager (Male) |
| 8:12 | Create | Villager (Male) |
| 8:13 | Create | Villager (Male) |
| 8:16 | Create | Villager (Male) |
| 8:16 | Create | Villager (Male) |
| 8:42 | Build | House |
| 8:56 | Build | Farm |
| 9:11 | Research | Feudal Age |
| 9:14 | Build | Farm |
| 9:24 | Build | Farm |
| 9:28 | Build | Farm |
| 9:35 | Build | Mining Camp |
| 9:42 | Create | Villager (Male) |
| 9:42 | Create | Villager (Male) |
| 10:09 | Build | Barracks |
| 10:35 | Build | House |
| 10:36 | Build | House |
| 10:45 | Build | Palisade Wall |
| 10:52 | Build | Palisade Wall |
| 11:06 | Create | Villager (Male) |
| 11:07 | Create | Villager (Male) |
| 11:31 | Build | House |
| 11:40 | Build | House |
| 11:46 | Age | Feudal Age |
| 11:48 | Build | Palisade Wall |
| 11:53 | Build | Blacksmith |
| 11:56 | Build | Palisade Wall |
| 11:59 | Create | Villager (Male) |
| 12:00 | Create | Villager (Male) |
| 12:53 | Build | House |
| 13:00 | Build | Palisade Wall |
| 13:05 | Build | House |
| 13:11 | Build | Palisade Wall |
| 13:18 | Build | House |
| 13:23 | Build | Palisade Wall |
| 13:37 | Create | Villager (Male) |
| 13:37 | Create | Villager (Male) |
| 13:41 | Build | Mining Camp |
| 13:47 | Build | Farm |
| 13:48 | Research | Horse Collar |
| 13:52 | Research | Double-Bit Axe |
| 14:17 | Build | House |
| 14:30 | Research | Loom |
| 14:32 | Create | Villager (Male) |
| 14:43 | Build | Market |
| 14:49 | Build | Palisade Wall |
| 14:54 | Build | Palisade Wall |
| 15:19 | Build | Farm |
| 15:23 | Build | Farm |
| 15:33 | Build | Farm |
| 15:37 | Build | Farm |
| 15:39 | Build | Farm |
| 15:43 | Create | Villager (Male) |
| 15:43 | Create | Villager (Male) |
| 16:14 | Build | House |
| 16:36 | Research | Castle Age |
| 16:48 | Build | Stable |
| 16:53 | Build | Stable |
| 17:39 | Build | Market |
| 17:59 | Create | Villager (Male) |
| 17:59 | Create | Villager (Male) |
| 18:00 | Create | Villager (Male) |
| 18:21 | Build | Farm |
| 18:21 | Build | Farm |
| 18:22 | Build | Farm |
| 18:55 | Build | House |
| 18:58 | Build | House |
| 19:04 | Build | House |
| 19:16 | Build | Market |
| 19:16 | Age | Castle Age |
| 19:23 | Create | Villager (Male) |
| 19:23 | Create | Villager (Male) |
| 19:24 | Build | Farm |
| 19:26 | Create | Knight |
| 19:27 | Create | Knight |
| 19:27 | Create | Knight |
| 19:31 | Create | Knight |
| 19:31 | Create | Knight |
| 19:46 | Build | Farm |
| 19:56 | Build | House |
| 20:00 | Build | House |
| 20:02 | Build | House |
| 20:13 | Create | Villager (Male) |
| 20:25 | Build | Town Center |
| 20:46 | Build | House |
| 21:02 | Research | Husbandry |
| 21:03 | Research | Bloodlines |
| 21:26 | Build | House |
| 21:29 | Create | Villager (Male) |
| 21:29 | Create | Villager (Male) |
| 21:30 | Create | Villager (Male) |
| 21:30 | Create | Villager (Male) |
| 21:30 | Create | Villager (Male) |
| 21:48 | Create | Villager (Male) |
| 21:48 | Create | Villager (Male) |
| 21:55 | Build | Farm |
| 21:56 | Build | Farm |
| 21:56 | Build | Farm |
| 21:56 | Build | Farm |
| 21:56 | Build | Farm |
| 21:57 | Build | Farm |
| 21:57 | Build | Farm |
| 21:57 | Build | Farm |
| 21:57 | Build | Farm |
| 21:57 | Build | Farm |
| 22:01 | Create | Villager (Male) |
| 23:16 | Create | Villager (Male) |
| 23:17 | Create | Villager (Male) |
| 23:17 | Create | Villager (Male) |
| 23:17 | Create | Villager (Male) |
| 23:39 | Build | Town Center |
| 23:46 | Create | Villager (Male) |
| 23:46 | Create | Villager (Male) |
| 23:46 | Create | Villager (Male) |
| 23:52 | Create | Villager (Male) |
| 23:52 | Create | Villager (Male) |
| 24:01 | Create | Villager (Male) |
| 24:11 | Research | Scale Barding Armor |
| 24:16 | Research | Stone Mining |
| 24:16 | Research | Gold Mining |
| 24:20 | Research | Bow Saw |
Match timeline
| 5:52 | Dodeff · wall_segment Palisade Wall x9 |
| 6:31 | Mandarh · first_building Barracks |
| 7:22 | Mandarh · wall_segment Palisade Wall x9 |
| 7:58 | Mandarh · wall_segment Palisade Wall x10 |
| 8:04 | Mandarh · wall_segment Palisade Wall x6 |
| 8:04 | Mandarh · wall_segment Palisade Wall x1 |
| 8:30 | sarfaoui4 · first_building Barracks |
| 8:32 | Dodeff · wall_segment Palisade Wall x1 |
| 8:33 | Dodeff · wall_segment Palisade Wall x1 |
| 8:36 | sarfaoui4 · wall_segment Palisade Wall x3 |
| 8:39 | Dodeff · wall_segment Palisade Wall x1 |
| 8:42 | sarfaoui4 · wall_segment Palisade Wall x8 |
| 8:47 | sarfaoui4 · wall_segment Palisade Wall x13 |
| 9:08 | Dodeff · wall_segment Palisade Wall x14 |
| 9:38 | Mandarh · wall_segment Palisade Wall x4 |
| 9:48 | sarfaoui4 · age_up feudal |
| 10:02 | Mandarh · age_up feudal |
| 10:03 | sarfaoui4 · first_building Archery Range |
| 10:09 | Bert1109 · first_building Barracks |
| 10:35 | sarfaoui4 · wall_segment Palisade Wall x7 |
| 10:45 | Bert1109 · wall_segment Palisade Wall x2 |
| 10:52 | Bert1109 · wall_segment Palisade Wall x8 |
| 10:53 | Dodeff · first_building Barracks |
| 11:27 | Dodeff · wall_segment Palisade Wall x1 |
| 11:36 | Dodeff · age_up feudal |
| 11:46 | Bert1109 · age_up feudal |
| 11:48 | Bert1109 · wall_segment Palisade Wall x7 |
| 11:56 | Bert1109 · wall_segment Palisade Wall x1 |
| 12:38 | Mandarh · wall_segment Palisade Wall x11 |
| 12:41 | Mandarh · wall_segment Palisade Wall x10 |
| 13:00 | Bert1109 · wall_segment Palisade Wall x13 |
| 13:11 | Bert1109 · wall_segment Palisade Wall x1 |
| 13:23 | Bert1109 · wall_segment Palisade Wall x10 |
| 14:06 | Dodeff · wall_segment Palisade Wall x1 |
| 14:49 | Bert1109 · wall_segment Palisade Wall x1 |
| 14:54 | Bert1109 · wall_segment Palisade Wall x1 |
| 15:22 | Dodeff · wall_segment Palisade Wall x6 |
| 16:26 | Mandarh · first_building Stable |
| 16:35 | Bert1109 · first_market_buy 100 food |
| 16:48 | Bert1109 · first_building Stable |
| 18:22 | Dodeff · age_up castle |
| 18:53 | Dodeff · first_building Stable |
| 19:16 | Bert1109 · age_up castle |
| 20:47 | Mandarh · age_up castle |
| 23:46 | sarfaoui4 · age_up castle |
| 24:25 | sarfaoui4 · first_building Siege Workshop |
| 24:29 | Dodeff · first_building Castle |
| 24:52 | Bert1109 · first_building Monastery |
| 25:19 | sarfaoui4 · first_market_sell 100 wood |
| 25:27 | Dodeff · wall_segment Stone Wall x3 |
| 26:42 | Mandarh · first_building Monastery |
| 28:11 | Dodeff · wall_segment Palisade Wall x1 |
| 29:17 | Dodeff · tribute_sent a jugador 1 |
| 29:17 | Dodeff · tribute_sent a jugador 3 |
| 29:17 | Dodeff · tribute_sent a jugador 4 |
| 29:20 | Mandarh · first_building Siege Workshop |
| 29:32 | sarfaoui4 · first_building Castle |
| 32:32 | Dodeff · resign |
[ AI ANALYSIS · 1 CREDIT ]
What really happened in this match?
Wolo.gg analyzes every decision: build order, eco, micro, common mistakes by bracket. Personalized analysis on WhatsApp or Discord in 30 seconds.
Civ guide
Franks
Map guide
Arabia
Perfil
Jugador #4763035